 Dungeon Crawl Stone Soup version 0.31.0-32-g396128a36d (webtiles) character file.

Game seed: 17845909049009441439

131959 Pumpkin69 the Warrior (level 17, -15/127 HPs)
             Began as an Octopode Fighter on Mar 14, 2024.
             Was the Champion of Dithmenos.
             Killed from afar by a swamp worm (18 damage)
             ... with a harpoon shot
             ... on level 2 of the Swamp.
             The game lasted 01:33:10 (34209 turns).

Pumpkin69 the Warrior (Octopode Fighter)           Turns: 34209, Time: 01:33:10

Health: -15/127    AC:  7    Str: 29    XL:     17   Next: 11%
Magic:  0/40       EV: 17    Int: 10    God:    Dithmenos [******]
Gold:   2808       SH: 14    Dex: 17    Spells: 16/16 levels left

rFire   + . .        a - +4 demon trident (pain)
rCold   + + .        E - +0 kite shield
rNeg    + . .        Y - +2 hat {Stlth+}
rPois   .            g - amulet of guardian spirit
rElec   +            y - ring of Wolip {Fly rF+}
rCorr   +            W - +4 ring of protection
SInv    .            f - +6 ring of dexterity
Will    +++..        d - ring of Fomiarr {rElec rCorr Str+8 Dex-4 Slay+4} Stlth ***+++++++
                     w - ring of Foolhardiness {^Contam rC++ rN+ Will+ Str+3}
HPRegen 0.41/turn    A - ring of willpower
MPRegen 0.27/turn    D - ring of magical power
                     U - ring of magical power

%: guardian spirit
@: flying, wreathed by umbra, studying Summonings
A: almost no armour, amphibious, 8 rings, camouflage 1, gelatinous body 1,
(nimble swimmer 1), tentacles, weak 1, inability to read after injury 1,
MP-powered wands
a: Renounce Religion, Shadow Step, Shadow Form


You were on level 2 of the Swamp.
You worshipped Dithmenos.
Dithmenos was exalted by your worship.
You visited 5 branches of the dungeon, and saw 25 of its levels.
You visited the Abyss 1 time.
You also visited: Gauntlet.

You collected 3056 gold pieces.
You spent 248 gold pieces at shops.

Inventory:

Hand Weapons
 a - a +4 demon trident of pain (weapon)
 u - the +1 short sword of Impeachment {antimagic, *Rage Int+5}
   (You bought it in a shop on level 2 of the Orcish Mines)

   Int+5:     It affects your intelligence (+5).
   *Rage:     It berserks you when you make melee attacks (+20% chance).
Missiles
 I - 66 poisoned darts (quivered)
 R - 4 throwing nets
Armour
 E - a +0 kite shield (worn)
 Y - a +2 hat of stealth (worn)
Jewellery
 d - the ring of Fomiarr (on tentacle) {rElec rCorr Str+8 Dex-4 Slay+4}
   (You acquired it on level 7 of the Dungeon)

   [ring of resist corrosion]

   Str+8:     It affects your strength (+8).
   Dex-4:     It affects your dexterity (-4).
   Slay+4:    It affects your accuracy & damage with ranged weapons and melee
   (+4).
   rElec:     It insulates you from electricity.
   rCorr:     It protects you from acid and corrosion.
 f - a +6 ring of dexterity (on tentacle)
 g - an amulet of guardian spirit (around mantle)
 m - a ring of protection from cold
 p - a ring of positive energy
 w - the ring of Foolhardiness (on tentacle) {^Contam rC++ rN+ Will+ Str+3}
   (You found it on level 8 of the Dungeon)

   [ring of willpower]

   Str+3:     It affects your strength (+3).
   rC++:      It greatly protects you from cold.
   rN+:       It protects you from negative energy.
   Will+:     It increases your willpower.
   ^Contam:   It causes magical contamination when unequipped.
 y - the ring of Wolip (left tentacle) {Fly rF+}
   (You took it off a minotaur in a Gauntlet)

   [ring of flight]

   rF+:       It protects you from fire.
   Fly:       It grants you flight.
 A - a ring of willpower (on tentacle)
 D - a ring of magical power (on tentacle)
 J - an amulet of regeneration
 U - a ring of magical power (on tentacle)
 W - a +4 ring of protection (right tentacle)
Wands
 e - a wand of mindburst (12)
 h - a wand of charming (15)
 s - a wand of digging (1)
 F - a wand of flame (63)
 H - a wand of polymorph (5)
 S - a wand of roots (12)
Scrolls
 k - 6 scrolls of fear
 n - 2 scrolls of brand weapon
 q - a scroll of silence
 r - 8 scrolls of teleportation
 t - a scroll of torment
 v - a scroll of noise
 z - 3 scrolls of blinking
 B - 3 scrolls of poison
 G - 5 scrolls of vulnerability
 K - 2 scrolls of amnesia
 M - 2 scrolls of revelation
 O - a scroll of fog
 P - 2 scrolls of summoning
 Q - 4 scrolls of immolation
 Z - a scroll of enchant armour
Potions
 b - 2 potions of haste
 c - a potion of might
 i - 2 potions of magic
 j - 2 potions of berserk rage
 l - 5 potions of curing
 o - a potion of heal wounds
 x - 2 potions of resistance
 C - 11 potions of ambrosia
 V - a potion of invisibility {unknown}
Miscellaneous
 L - a phantom mirror
 T - a condenser vane
 X - a phial of floods


   Skills:
 + Level 15.6 Fighting
 - Level 14.0 Polearms
 + Level 8.5 Dodging
 - Level 10.0 Stealth
 + Level 14.7 Shields
 - Level 12.0 Necromancy
 + Level 6.8 Invocations
 - Level 5.9 Evocations


You had 16 spell levels left.
You didn't know any spells.
Your spell library contained the following spells:

 Spells                   Type           Power      Damage    Failure   Level
 Cigotuvi's Dreadful Rot  Necr/Alch/Air  16%        N/A       16%         2
 Shock                    Conj/Air       0%         1d3       47%         1
 Summon Small Mammal      Summ           0%         N/A       47%         1
 Borgnjor's Vile Clutch   Necr/Erth      6%         N/A       77%         5
 Call Canine Familiar     Summ           0%         N/A       85%         3
 Frozen Ramparts          Ice            0%         1d1       85%         3
 Sigil of Binding         Hex            0%         N/A       85%         3
 Swiftness                Air            0%         N/A       85%         3
 Volatile Blastmotes      Fire/Tloc      0%         2d10      85%         3
 Airstrike                Air            0%         2d(0-16)  99%         4
 Dimensional Bullseye     Hex/Tloc       0%         N/A       99%         4
 Fulminant Prism          Conj/Alch      0%         3d5       99%         4
 Ignite Poison            Fire/Alch      0%         N/A       99%         4
 Iskenderun's Mystic Bla  Conj/Tloc      0%         2d3       99%         4
 Leda's Liquefaction      Alch/Erth      0%         N/A       99%         4
 Petrify                  Alch/Erth      0%         N/A       99%         4
 Sticky Flame             Fire/Alch      0%         2d4       99%         4
 Summon Blazeheart Golem  Fire/Summ      0%         N/A       99%         4
 Alistair's Intoxication  Alch           0%         N/A       100%        5
 Arcjolt                  Conj/Air       0%         1d10      100%        5
 Freezing Cloud           Conj/Ice/Air   0%         6-21      100%        5
 Iskenderun's Battlesphe  Conj           0%         2d6       100%        5
 Lee's Rapid Deconstruct  Erth           0%         3d4*      100%        5
 Metabolic Englaciation   Hex/Ice        0%         N/A       100%        5
 Silence                  Hex/Air        0%         N/A       100%        5
 Bombard                  Conj/Erth      0%         9d1       100%        6
 Conjure Ball Lightning   Conj/Air       0%         3x3d6     100%        6
 Eringya's Noxious Bog    Alch           0%         4d6       100%        6
 Discord                  Hex            0%         N/A       100%        8
 Disjunction              Tloc           0%         N/A       100%        8
 Ignition                 Fire           0%         3d3       100%        8


Dungeon Overview and Level Annotations

Branches:
Dungeon (15/15)            Temple (1/1) D:6            Lair (5/5) D:9
  Swamp (2/4) Lair:3       Spider (0/4) Lair:3        Slime (0/5) Lair:4
    Orc (2/2) D:11            Elf (0/3) Orc:2        Vaults (0/5) D:14
 Depths (0/4) D:15        Gauntlet (visited)

Altars:
Ashenzari
Cheibriados
Dithmenos
Elyvilon
Fedhas
Gozag
Hepliaklqana
Kikubaaqudgha
Makhleb
Nemelex Xobeh
Okawaru
Qazlal
Ru
Sif Muna
Trog
Uskayaw
Vehumet
Wu Jian
Xom
Yredelemnul
Zin
The Shining One
Jiyva
Lugonu

Shops:
D:5 [   D:6 ?   Orc:2 *:[(

Portals:
Abyss: Lair:5

Annotations:
D:11 3 runed translucent doors, exclusion: obsidian statue, SirLogeyBear's ghost, journeyman HOBe
Lair:1 2 transporters, exclusion: downstairs


Innate Abilities, Weirdness & Mutations

You cannot wear most types of armour.
You are amphibious.
You can wear up to eight rings at the same time.
Your skin changes colour to match your surroundings (Stealth+).
Your rubbery body absorbs attacks. (AC +1, EV +1)
((You are camouflaged when in or above water. (Stealth+)))
You have tentacles for arms and can constrict up to eight enemies at once.
You are weak. (Str -2)
You occasionally lose the ability to read scrolls when taking damage.
You expend magic power (3 MP) to strengthen your wands.


Message History

Okay, then.
Unknown command.
Unknown command.
Press: ? - help, v - describe, . - travel A mangrove, awoken (hostile).
This square is wreathed by an umbra.
Unknown command.
You impale the alligator!!
You kill the alligator!
Dithmenos accepts your kill. You block the spriggan rider's attack.
The swamp worm fires a harpoon shot at you.
The harpoon shot hits you!
You are yanked forward by the harpoon shot.
A shambling mangrove comes into view.
Branches wave dangerously above you.
The swamp worm fires a harpoon shot at you.
The harpoon shot hits you!
* * * LOW HITPOINT WARNING * * *
You are yanked forward by the harpoon shot.
You block the spriggan rider's attack.
Roots burst forth from the earth!
The grasping roots grab you! The grasping roots constrict you!
* * * LOW HITPOINT WARNING * * *
Blink to where?
Press: ? - help, Dir - move target The roots grasp on you weakens, but your attempt to escape fails.
As you read the scroll of blinking, it crumbles to dust.
The swamp worm closely misses you. You block the spriggan rider's attack.
The spriggan druid barely misses you.
Blink to where?
Press: ? - help, Dir - move target You escape the roots grasp.
As you read the scroll of blinking, it crumbles to dust.
You are hit by a branch!!
* * * LOW HITPOINT WARNING * * *
You emit a cloud of dark smoke.
The swamp worm fires a harpoon shot at you.
The harpoon shot hits you!!
You die...

~~~.~♣♣♣♣♣
..f~~~.♣
♣†l~w♣
♣†i§.♣
♣♣♣♣)i.~♣
♣.../.)~♣
♣.~..~~♣♣
♣♣§§§§~♣
♣♣§@§♣♣
♣♣♣♣...♣
<§♣♣ ♣♣♣


You could see a shambling mangrove, an alligator, a spriggan rider, a spriggan
druid and a swamp worm.

Vanquished Creatures
  Mlioglotl (Swamp:1)
  Gastronok (Lair:2)
  A very ugly thing (D:15)
  An orc warlord (Orc:2)
  2 eleionomae (Swamp:2)
  A minotaur (Gauntlet)
  A bunyip (D:14)
  A blizzard demon (Gauntlet)
  A fire dragon (D:14)
  11 hydras
  Harold (D:10)
  A vault guard (D:14)
  4 two-headed ogres
  3 centaur warriors
  3 alligators (Swamp:2)
  3 death knights
  8 boulder beetles
  9 death yaks (Lair:5)
  2 tengu warriors (D:15)
  3 thrashing horrors (Lair:5)
  Urug (Lair:3)
  An orc high priest (Orc:2)
  Nergalle (D:10)
  Sonja (Lair:2)
  A skyshark (Lair:2)
  Amaemon (Lair:2)
  4 skeletal warriors
  A glowing orange brain (D:15)
  4 goliath frogs
  An arcanist (D:14)
  2 bog bodies (Swamp:1)
  A lindwurm (Lair:5)
  Pikel (D:8)
  A large abomination (Lair:5)
  7 orc knights
  2 necromancers (D:14)
  The ghost of toastdancer the Thaumaturge, a novice GnHW (D:6)
  21 ugly things
  A deep elf pyromancer (D:12)
  5 cyclopes
  A manticore (D:12)
  An orc sorcerer (Orc:1)
  Maurice (D:8)
  3 kobold blastminers (Orc:2)
  2 centaur zombies (D:10)
  7 black mambas
  18 elephants
  3 meliai (Gauntlet)
  2 smoke demons (Lair:5)
  A cane toad (shapeshifter) (D:15)
  An orange demon (Lair:2)
  3 centaur skeletons (D:10)
  A gargoyle (D:14)
  18 cane toads
  A torpor snail (Lair:2)
  4 kobold demonologists
  Jeremiah (D:8)
  9 yaktaurs
  7 komodo dragons
  4 freezing wraiths (D:14)
  5 rime drakes
  3 efreet
  6 polar bears
  A bloated husk (Swamp:1)
  2 trolls (shapeshifter)
  12 trolls
  3 hellwings (D:10)
  A hornet (shapeshifter) (Lair:5)
  A queen bee (shapeshifter) (D:14)
  4 hornets
  2 raiju (Lair:5)
  2 tyrant leeches
  A wolf spider simulacrum (D:12)
  A queen bee (Lair:2)
  23 blink frogs
  A glass eye (shapeshifter) (D:15)
  9 slime creatures
  3 jumping spiders (Lair:3)
  A culicivora (shapeshifter) (Lair:5)
  A spriggan (shapeshifter) (Lair:5)
  A culicivora (Lair:3)
  A vampire (D:13)
  2 shadows
  4 wyverns
  A ynoxinul (Lair:5)
  5 spriggans
  4 wraiths
  A human (shapeshifter) (D:12)
  42 yaks
  7 basilisks
  19 humans (D:14)
  2 wargs (Orc:2)
  A steam dragon (D:10)
  5 vampire mosquitoes
  3 redbacks (Lair:3)
  8 swamp worms
  A chaos spawn (Abyss:2)
  2 acid dragons (D:12)
  14 water moccasins
  23 orc warriors
  An ice beast (D:8)
  A black bear (D:5)
  7 small abominations (Lair:5)
  12 ogres
  6 wolves (Lair:2)
  9 centaurs
  3 boggarts (D:15)
  2 phantoms (D:4)
  A lemure (D:8)
  11 kobold brigands
  6 bullfrogs
  A gnoll sergeant (D:11)
  5 scorpions
  12 wights
  26 killer bees
  3 howler monkeys (D:7)
  2 electric eels (Lair:3)
  3 bombardier beetles
  A quasit (Abyss:3)
  A jelly (D:7)
  2 gnoll boudas
  4 hounds
  12 orc priests
  Natasha (thrice) (D:3)
  4 iguanas
  A sleepcap (D:7)
  14 orc wizards
  Robin (D:3)
  7 adders
  20 gnolls
  4 dart slugs
  A ribbon worm (D:3)
  55 orcs
  7 ball pythons
  4 endoplasms
  2 giant cockroaches
  10 goblins
  3 hobgoblins (D:3)
  13 jackals
  37 kobolds
  A quokka (D:1)
  7 bats
  3 frilled lizards
  4 rats
764 creatures vanquished.

Vanquished Creatures (collateral kills)
  A gnoll sergeant (D:5)
  A gnoll (D:5)
  An adder (D:5)
3 creatures vanquished.

Vanquished Creatures (others)
  A vault guard (D:14)
  A dart slug (D:5)
2 creatures vanquished.

Grand Total: 769 creatures vanquished

Notes
Turn   | Place    | Note
-------+----------+-------------------------------------------
     0 | D:1      | Pumpkin69 the Octopode Fighter began the quest for the Orb.
     0 | D:1      | Reached XP level 1. HP: 16/16 MP: 1/1
    30 | D:1      | Reached skill level 1 in Stealth
    33 | D:1      | Reached XP level 2. HP: 21/21 MP: 2/2
   237 | D:1      | Reached XP level 3. HP: 22/26 MP: 3/3
  1107 | D:2      | Reached XP level 4. HP: 33/33 MP: 4/4
  1131 | D:2      | Found a faded altar of an unknown god.
  1298 | D:3      | Gained mutation: You are partially covered in large bone
                  | plates. (SH +4) [potion of mutation]
  1298 | D:3      | Lost mutation: You are partially covered in large bone
                  | plates. (SH +4) [potion of mutation]
  1298 | D:3      | Gained mutation: Your mind is acute. (Int +4, Str/Dex -1)
                  | [potion of mutation]
  1298 | D:3      | Gained mutation: You possess an exceptional clarity of
                  | mind. [potion of mutation]
  1300 | D:3      | Reached skill level 4 in Fighting
  1325 | D:3      | Reached XP level 5. HP: 14/38 MP: 1/5
  1621 | D:3      | Noticed Robin
  1631 | D:3      | Killed Robin
  1632 | D:3      | Reached skill level 5 in Fighting
  1722 | D:3      | Noticed Natasha
  1730 | D:3      | Killed Natasha
  1979 | D:3      | Noticed Natasha
  1988 | D:3      | Killed Natasha
  1989 | D:3      | Reached XP level 6. HP: 28/46 MP: 4/6
  2101 | D:3      | Noticed Natasha
  2116 | D:3      | Killed Natasha
  2194 | D:3      | Reached skill level 6 in Fighting
  2425 | D:4      | Reached skill level 7 in Fighting
  2425 | D:4      | Reached XP level 7. HP: 25/54 MP: 4/7
  2704 | D:4      | Reached skill level 1 in Evocations
  2945 | D:4      | Reached skill level 8 in Fighting
  2945 | D:4      | Reached XP level 8. HP: 48/61 MP: 6/8
  3244 | D:4      | Found a broken altar of Ashenzari.
  3255 | D:4      | Found a hide-covered altar of Uskayaw.
  3840 | D:5      | Entered Level 5 of the Dungeon
  3991 | D:5      | Found Xuimp's Antique Armour Emporium.
  4350 | D:5      | Found an ancient bone altar of Kikubaaqudgha.
  4623 | D:6      | Found Hitiot's Magic Scroll Shoppe.
  4649 | D:6      | Found a runed translucent door.
  4650 | D:6      | Noticed toastdancer's ghost (novice GnHW)
  4756 | D:6      | Reached skill level 5 in Polearms
  4756 | D:6      | Reached XP level 9. HP: 58/67 MP: 7/9
  4764 | D:6      | Reached skill level 9 in Fighting
  4888 | D:6      | Found a staircase to the Ecumenical Temple.
  4896 | Temple   | Entered the Ecumenical Temple
  4909 | Temple   | Became a worshipper of Dithmenos the Shadowed
  5065 | D:6      | Reached skill level 5 in Evocations
  5257 | D:6      | Found an iron altar of Okawaru.
  5297 | D:6      | Found a snail-covered altar of Cheibriados.
  5567 | D:7      | Noticed a kobold demonologist
  5572 | D:7      | Noticed a smoke demon
  5875 | D:7      | Reached * piety under Dithmenos
  6174 | D:7      | Killed a kobold demonologist
  6194 | D:7      | Identified a scroll of acquirement
  6194 | D:7      | Acquired the ring of Fomiarr {rElec rCorr Str+8 Dex-4
                  | Slay+4}
  6320 | D:7      | Identified the +12 shortbow of the Tent {speed, rC+}
  6572 | D:8      | Noticed Jeremiah
  6598 | D:8      | Killed Jeremiah
  6864 | D:8      | Reached skill level 10 in Fighting
  7163 | D:8      | Identified the ring of Foolhardiness {^Contam rC++ rN+
                  | Will+ Str+3}
  7215 | D:8      | Found a sparkling altar of Nemelex Xobeh.
  7298 | D:8      | Noticed Pikel
  7314 | D:8      | Killed Pikel
  7315 | D:8      | Reached skill level 5 in Shields
  7315 | D:8      | Reached XP level 10. HP: 62/76 MP: 8/10
  7579 | D:8      | Noticed Maurice
  7581 | D:8      | Maurice stole 2 throwing nets
  7583 | D:8      | Killed Maurice
  8109 | D:9      | Reached ** piety under Dithmenos
  8585 | D:9      | Found a sacrificial altar of Ru.
  8662 | D:9      | Reached XP level 11. HP: 79/82 MP: 9/11
  8733 | D:9      | Found a staircase to the Lair.
  9162 | D:9      | Found a glowing silver altar of Zin.
  9171 | D:9      | Found an ornate altar of the Wu Jian Council.
  9236 | D:10     | Entered Level 10 of the Dungeon
  9344 | D:10     | Reached skill level 11 in Fighting
  9408 | D:10     | Noticed an orc knight
  9408 | D:10     | Noticed a cyclops
  9411 | D:10     | Noticed a seven-headed hydra
  9536 | Lair:1   | Entered Level 1 of the Lair of Beasts
  9539 | Lair:1   | Found a transporter.
  9554 | Lair:1   | Found a transporter.
  9656 | Lair:1   | Reached *** piety under Dithmenos
  9748 | Lair:1   | Reached skill level 10 in Polearms
 10514 | Lair:2   | Noticed Sonja
 10514 | Lair:2   | Noticed a six-headed hydra
 10802 | Lair:2   | Noticed Gastronok
 10911 | Lair:2   | Killed Gastronok
 10912 | Lair:2   | Reached XP level 12. HP: 60/90 MP: 12/12
 11114 | Lair:2   | Reached skill level 10 in Shields
 11414 | Lair:2   | Noticed Amaemon
 11424 | Lair:2   | Killed Amaemon
 11776 | Lair:2   | Reached **** piety under Dithmenos
 11803 | Lair:2   | Reached skill level 12 in Fighting
 12266 | Lair:2   | Noticed a boulder beetle
 12279 | Lair:2   | Killed a boulder beetle
 12341 | Lair:2   | Killed a six-headed hydra
 12349 | Abyss:2  | Cast into level 2 of the Abyss (Sonja)
 12352 | Abyss:2  | Found a corrupted altar of Lugonu.
 12465 | Abyss:2  | Noticed a red very ugly thing
 12465 | Abyss:2  | Noticed a red very ugly thing
 12468 | Abyss:2  | Noticed a wretched star
 12487 | Abyss:2  | Noticed a tentacled starspawn
 12488 | Abyss:2  | Noticed a demonic crawler
 12503 | Abyss:2  | Noticed a starcursed mass
 12517 | Abyss:2  | Found a corrupted altar of Lugonu.
 12589 | Abyss:2  | Noticed a rakshasa
 12610 | Abyss:2  | Noticed a thrashing horror
 12644 | Abyss:2  | Found a corrupted altar of Lugonu.
 12654 | Abyss:3  | Found a corrupted altar of Lugonu.
 12658 | Abyss:3  | Found a corrupted altar of Lugonu.
 12667 | Abyss:3  | Noticed a pearl dragon
 12687 | Abyss:3  | Noticed a wretched star
 12723 | Abyss:3  | Found a corrupted altar of Lugonu.
 12724 | Abyss:3  | Noticed a dread lich
 12727 | Abyss:3  | Noticed a thrashing horror
 12728 | Lair:2   | Escaped the Abyss
 12734 | Lair:2   | Killed Sonja
 13195 | Lair:2   | Noticed a skyshark
 13195 | Lair:2   | Noticed an eight-headed hydra
 13200 | Lair:2   | Killed an eight-headed hydra
 13414 | Lair:2   | Noticed an eight-headed hydra
 13420 | Lair:2   | Killed an eight-headed hydra
 13426 | Lair:2   | Killed a skyshark
 13805 | Lair:2   | Reached XP level 13. HP: 77/98 MP: 11/11
 13918 | Lair:3   | Noticed Urug
 13948 | Lair:3   | Killed Urug
 14603 | Lair:3   | HP: 1/98 [swamp worm (11)]
 15259 | Lair:3   | Found a hole to the Spider Nest.
 15270 | Lair:3   | HP: 6/147 [jumping spider (3)]
 16005 | Lair:3   | Reached skill level 1 in Necromancy
 16116 | Lair:3   | Found a staircase to the Swamp.
 16820 | Lair:4   | Reached ***** piety under Dithmenos
 17303 | Lair:4   | Reached skill level 13 in Fighting
 18424 | Lair:4   | Found a viscous altar of Jiyva.
 18424 | Lair:4   | Found a staircase to the Slime Pits.
 18643 | Lair:5   | Entered Level 5 of the Lair of Beasts
 18656 | Lair:5   | Reached XP level 14. HP: 93/106 MP: 14/14
 19194 | Lair:5   | Reached skill level 5 in Necromancy
 19616 | Lair:5   | Got Further Steps in Wizarding
 20573 | Lair:5   | Reached skill level 14 in Fighting
 21281 | Lair:5   | Identified the +1 leather armour "Rotofet" {rN+ Regen+
                  | Str-2}
 21707 | Lair:5   | Found a corrupted altar of Lugonu.
 21707 | Lair:5   | Found a one-way gate to the infinite horrors of the Abyss.
 21715 | Lair:5   | Reached skill level 5 in Dodging
 22002 | D:6      | Killed toastdancer's ghost
 22510 | D:10     | Noticed Nergalle
 22519 | D:10     | Killed Nergalle
 22670 | D:10     | Reached XP level 15. HP: 53/114 MP: 10/15
 23072 | D:10     | Noticed Harold
 23084 | D:10     | Killed Harold
 23084 | D:10     | Reached ****** piety under Dithmenos
 23881 | D:10     | Found the +4 Cigotuvi's embrace {Corpsefed rMiasma ^Drain
                  | rN+}
 24007 | D:10     | You fall into a shaft and drop 1 floor!
 24602 | D:11     | Reached skill level 15 in Fighting
 24959 | D:11     | Found a staircase to the Orcish Mines.
 25190 | D:11     | Found a runed translucent gate.
 25190 | D:11     | Found a runed translucent gate.
 25191 | D:11     | Found a runed translucent gate.
 25191 | D:11     | Found an opulent altar of Gozag.
 25194 | D:11     | Noticed SirLogeyBear's ghost (journeyman HOBe)
 25651 | D:12     | Reached skill level 5 in Stealth
 25755 | D:12     | Identified the +5 orcbow of Xoas {elec, Int+5}
 26040 | D:12     | Reached skill level 1 in Invocations
 27884 | D:14     | Found a gate leading to a gauntlet.
 27940 | Gauntlet | Entered a Gauntlet
 27940 | Gauntlet | Found a transporter.
 27940 | Gauntlet | Found a transporter.
 27940 | Gauntlet | Found a transporter.
 27941 | Gauntlet | Found a transporter.
 27957 | Gauntlet | Found a transporter.
 27963 | Gauntlet | Found a transporter.
 27968 | Gauntlet | Found a transporter.
 27995 | Gauntlet | Found a transporter.
 28038 | Gauntlet | Found a transporter.
 28062 | Gauntlet | Found a transporter.
 28076 | Gauntlet | Found a transporter.
 28162 | Gauntlet | Found a transporter.
 28405 | Gauntlet | Identified the ring of Wolip {Fly rF+}
 28449 | Gauntlet | Identified the staff of Havoc {rF+ Stlth+ Fire}
 28449 | Gauntlet | Identified the +2 ring mail of the Saviour {Dex+5 Slay+5}
 28974 | D:14     | Reached XP level 16. HP: 122/122 MP: 18/18
 29016 | D:14     | Found a gate to the Vaults.
 29089 | D:14     | Lost mutation: Your mind is acute. (Int +4, Str/Dex -1)
                  | [potion of mutation]
 29089 | D:14     | Lost mutation: You possess an exceptional clarity of mind.
                  | [potion of mutation]
 29089 | D:14     | Gained mutation: You occasionally lose the ability to drink
                  | potions when taking damage. [potion of mutation]
 29089 | D:14     | Gained mutation: You are clumsy. (Dex -2) [potion of
                  | mutation]
 29089 | D:14     | Gained mutation: You occasionally lose the ability to read
                  | scrolls when taking damage. [potion of mutation]
 29089 | D:14     | Gained mutation: One of your tentacles bears a spike.
                  | [potion of mutation]
 29090 | D:14     | Lost mutation: One of your tentacles bears a spike. [potion
                  | of mutation]
 29090 | D:14     | Lost mutation: You occasionally lose the ability to read
                  | scrolls when taking damage. [potion of mutation]
 29090 | D:14     | Lost mutation: You occasionally lose the ability to drink
                  | potions when taking damage. [potion of mutation]
 29090 | D:14     | Gained mutation: You are very clumsy. (Dex -4) [potion of
                  | mutation]
 29090 | D:14     | Gained mutation: One of your tentacles bears a spike.
                  | [potion of mutation]
 29091 | D:14     | Lost mutation: You are very clumsy. (Dex -4) [potion of
                  | mutation]
 29091 | D:14     | Lost mutation: One of your tentacles bears a spike. [potion
                  | of mutation]
 29091 | D:14     | Lost mutation: You are clumsy. (Dex -2) [potion of
                  | mutation]
 29091 | D:14     | Gained mutation: You occasionally lose the ability to drink
                  | potions when taking damage. [potion of mutation]
 29091 | D:14     | Gained mutation: Your system is resistant to poisons.
                  | (rPois) [potion of mutation]
 29092 | D:14     | Lost mutation: Your system is resistant to poisons. (rPois)
                  | [potion of mutation]
 29092 | D:14     | Lost mutation: You occasionally lose the ability to drink
                  | potions when taking damage. [potion of mutation]
 29092 | D:14     | Gained mutation: You are dopey. (Int -2) [potion of
                  | mutation]
 29092 | D:14     | Gained mutation: Your magical capacity is low. (-10% MP)
                  | [potion of mutation]
 29092 | D:14     | Gained mutation: You are very dopey. (Int -4) [potion of
                  | mutation]
 29093 | D:14     | Lost mutation: Your magical capacity is low. (-10% MP)
                  | [potion of mutation]
 29093 | D:14     | Lost mutation: You are very dopey. (Int -4) [potion of
                  | mutation]
 29093 | D:14     | Gained mutation: You are partially covered in iridescent
                  | scales. (AC +2) [potion of mutation]
 29093 | D:14     | Gained mutation: You occasionally lose the ability to drink
                  | potions when taking damage. [potion of mutation]
 29093 | D:14     | Gained mutation: You have hidden genetic defects. [potion
                  | of mutation]
 29093 | D:14     | Gained mutation: You expend magic power (3 MP) to
                  | strengthen your wands. [potion of mutation]
 29094 | D:14     | Lost mutation: You expend magic power (3 MP) to strengthen
                  | your wands. [potion of mutation]
 29094 | D:14     | Lost mutation: You have hidden genetic defects. [potion of
                  | mutation]
 29094 | D:14     | Lost mutation: You are dopey. (Int -2) [potion of mutation]
 29094 | D:14     | Gained mutation: You have an increased reservoir of magic.
                  | (+10% MP) [potion of mutation]
 29094 | D:14     | Lost mutation: You have an increased reservoir of magic.
                  | (+10% MP) [potion of mutation]
 29095 | D:14     | Lost mutation: You are partially covered in iridescent
                  | scales. (AC +2) [potion of mutation]
 29095 | D:14     | Lost mutation: You occasionally lose the ability to drink
                  | potions when taking damage. [potion of mutation]
 29095 | D:14     | Gained mutation: You expend magic power (3 MP) to
                  | strengthen your wands. [potion of mutation]
 29095 | D:14     | Gained mutation: You occasionally lose the ability to read
                  | scrolls when taking damage. [potion of mutation]
 29095 | D:14     | Gained mutation: You are weak. (Str -2) [potion of
                  | mutation]
 29164 | D:14     | Reached skill level 10 in Stealth
 29281 | D:14     | Reached skill level 5 in Invocations
 29343 | D:13     | Reached skill level 10 in Necromancy
 29967 | D:14     | Found a hide-covered altar of Uskayaw.
 30296 | D:15     | Entered Level 15 of the Dungeon
 30624 | D:15     | Found a staircase to the Depths.
 31001 | D:15     | Acquired 874 gold pieces
 31493 | Orc:1    | Entered Level 1 of the Orcish Mines
 31709 | Orc:2    | Entered Level 2 of the Orcish Mines
 31720 | Orc:2    | Found Juorpham's General Store.
 31834 | Orc:2    | Found a staircase to the Elven Halls.
 32324 | Orc:2    | Found Qalibawu's Antique Armour Shoppe.
 32667 | Orc:2    | Found Kifyil's Antique Weapon Boutique.
 32691 | Orc:2    | Bought a bloodstained short sword for 248 gold pieces
 32691 | Orc:2    | Identified the +1 short sword of Impeachment {antimagic,
                  | *Rage Int+5} (You bought it in a shop on level 2 of the
                  | Orcish Mines)
 32791 | Orc:2    | Found Hueqob's Book Emporium.
 33393 | Swamp:1  | Entered Level 1 of the Swamp
 33767 | Swamp:1  | Noticed Mlioglotl
 33779 | Swamp:1  | Killed Mlioglotl
 34006 | Swamp:2  | Reached XP level 17. HP: 88/127 MP: 21/21
 34209 | Swamp:2  | HP: 3/127 [spriggan druid/angry trees (17)]
 34209 | Swamp:2  | Killed from afar by a swamp worm

Illustrated notes

Levels and vault maps discovered:
D:1:      tarquinn_simple_flora_water_e, layout_basic
D:2:      layout_rooms, serial_glass, glass_columns_a, glass_columns_a,
          hellmonk_ecumenical_altar_heavens_door, minmay_misc_feat_ornament
D:3:      layout_basic, kennysheep_generic_room_4, uniq_natasha, uniq_robin
D:4:      minmay_chambers_of_fours, layout_loops_ring,
          amethyst_overflow_temple_binary, minmay_manual_mares
D:5:      layout_basic, nicolae_kikubaaqudgha_miasma_corner, serial_shops,
          nicolae_shop_crystal
D:6:      layout_cave_pools, cheibriados_altar_1,
          mainiacjoe_overflow_six_doors_small, temple_green,
          gammafunk_ghost_grave, serial_shops, nicolae_diamond_shop,
          minmay_strange_pillars, kennysheep_generic_room_10
D:7:      layout_rooms
D:8:      layout_basic, nemelex_altar_shiori, uniq_pikel, uniq_maurice,
          uniq_jeremiah
D:9:      layout_loops_ring, mainiacjoe_overflow_small_starburst,
          mainiacjoe_overflow_swirl, david_lair_shrubbed
D:10:     hangedman_cross_veins, layout_basic, nrook_loot_triangle,
          hellmonk_guarded_unrand_cigotuvi, uniq_nergalle, uniq_harold
D:11:     layout_roguey, kennysheep_orc_monster_closet_entryway,
          ebering_ghost_gozag
D:12:     minmay_inside_and_out, layout_layer_cave
D:13:     layout_roguey
D:14:     layout_cross, grunt_vaults_entry_tiered, gauntlet_entry_generic,
          nicolae_figureground_sparkle, nicolae_uskayaw_murder_on_the_dancefloor
D:15:     gammafunk_enter_depths_forms, layout_basic, corexii_hall_statues_t
Temple:   cyrus_circular_temple
Lair:1:   gammafunk_worm_tunnel, layout_cave_pods, serial_bayou_shore_b
Lair:2:   nzn_winding_woodlands_three_and_one
          [nzn_winding_woodlands_5x15_default,
          nzn_winding_woodlands_5x15_pockets, nzn_winding_woodlands_5x15_cabin,
          nzn_winding_woodlands_center_triple_pond], layout_gridlike,
          special_room [special_room_bee], uniq_amaemon, uniq_gastronok,
          uniq_sonja
Lair:3:   layout_big_grid, minmay_swamp_entry_worms,
          nicolae_spider_entry_tight_spaces, serial_bayou_shore_a,
          lemuel_fruit_fields, infiniplex_staircase_pool, uniq_urug
Lair:4:   layout_small_grid, dpeg_slime_entry_enclosed, serial_bayou_shore_b,
          grunt_megastairs_2, infiniplex_staircase_pool_2
Lair:5:   hellmonk_lair_end_abyssal_woods, layout_small_grid
Swamp:1:  layout_falls_marsh, evilmike_swamp_ruin_house_3, swamp_pool_1_2,
          uniq_mlioglotl
Swamp:2:  layout_basic_swamp, nicolae_swamp_big_swirl
Orc:1:    layout_caves
Orc:2:    grunt_orc_gardens, layout_caves, grunt_orc_garden, grunt_orc_garden,
          grunt_orc_garden, grunt_orc_garden, nicolae_orc_sculptors_studio,
          lightli_orcish_oven

Skill      XL: |  1  2  3  4  5  6  7  8  9 10 11 12 13 14 15 16 |
---------------+-------------------------------------------------+-----
Stealth        | 2 3 4 9 10 | 10.0
Fighting       | 4 5 7 8 10 11 12 13 14 15 | 15.6
Evocations     | 2 4 5 |  5.9
Polearms       | 3 5 7 9 11 12 14 | 14.0
Shields        | 5 7 9 11 13 14 | 14.7
Necromancy     | 3 7 9 12 | 12.0
Dodging        | 5 7 8 |  8.5
Invocations    | 3 6 |  6.8

Action                     |  1- 3 |  4- 6 |  7- 9 | 10-12 | 13-15 | 16-18 || total
---------------------------+-------+-------+-------+-------+-------+-------++-------
  Melee: Trident           |    75 |   104 |   279 |   394 |    21 |       ||   873
         Tentacles         |    11 |    19 |    60 |    79 |   219 |    95 ||   483
         Constrict         |    16 |    16 |    60 |    37 |    89 |    60 ||   278
         Punch             |       |       |     6 |     6 |     8 |     3 ||    23
         Unarmed           |       |       |       |     1 |       |       ||     1
         Demon trident     |       |       |       |       |   891 |   458 ||  1349
  Throw: Throwing net      |       |       |       |     3 |       |       ||     3
         Dart              |       |       |       |       |     1 |     9 ||    10
  Evoke: Wand              |       |       |       |    23 |    15 |     3 ||    41
         Phial of floods   |       |       |       |       |     1 |       ||     1
    Use: Potion            |       |     7 |       |     6 |     3 |     9 ||    25
         Scroll            |       |     1 |    11 |     6 |    11 |     8 ||    37
   Stab: Sleeping          |     5 |     9 |    13 |    11 |    37 |    42 ||   117
         Distracted        |       |     2 |       |     2 |     5 |     3 ||    12
         Held in net/web   |       |       |       |     1 |       |       ||     1
         Invisible         |       |       |       |     1 |     7 |       ||     8
 Armour: Skin              |    19 |    53 |    96 |   159 |   251 |   102 ||   680
  Dodge: Dodged            |    41 |    53 |    95 |   186 |   227 |    95 ||   697
  Block: Buckler           |     9 |    21 |    40 |    75 |   122 |       ||   267
         Kite shield       |       |       |       |       |    48 |   142 ||   190
